 Dungeon Crawl Stone Soup version 0.31-a0-1570-g93c622d222 (webtiles) character file.

Game seed: 2609051849254945928

180 grandjackal the Trooper (level 5, -2/48 HPs)
             Began as a Ghoul Monk on Jan 3, 2024.
             Slain by an orc
             ... wielding a +0 mace
              (6 damage)
             ... on level 4 of the Dungeon.
             The game lasted 00:01:54 (2035 turns).

grandjackal the Trooper (Ghoul Monk)                Turns: 2035, Time: 00:01:54

Health: -2/48      AC:  2    Str: 15    XL:     5   Next: 60%
Magic:  5/5        EV: 12    Int: 11    God:
Gold:   214        SH:  0    Dex: 11    Spells: 4/4 levels left

rFire   . .          .
                       - Unarmed
rCold   + . .        c - orb {light}
rNeg    + + +        a - +0 robe
rPois   ∞            (no helmet)
rElec   .            (no cloak)
rCorr   .            (no gloves)
SInv    .            (no boots)
Will    .....        (no amulet)
Stlth   +            (no ring)
HPRegen 0.00/turn    (no ring)
MPRegen 0.09/turn

%: no passive effects
@: mighty, inhibited regen, hasted, glowing, very quick
A: claws 1, cold resistance 1, negative energy resistance 3, inhibited
regeneration, torment resistance 2, devour on kill
a: no special abilities


You were on level 4 of the Dungeon.
You visited 1 branch of the dungeon, and saw 4 of its levels.

You collected 214 gold pieces.

Inventory:

Armour
 a - a +0 robe (worn)
 c - an orb of light (worn)
Scrolls
 d - 4 scrolls of identify {unknown}
 e - a scroll of fear {unknown}
 f - 2 scrolls of poison {unknown}
 h - a scroll of revelation {unknown}
 i - a scroll of fog {unknown}
 k - a scroll of blinking {unknown}
 n - a scroll of immolation {unknown}
 p - a scroll of noise {unknown}
Potions
 b - a potion of ambrosia
 l - a potion of invisibility {unknown}
 m - a potion of lignification {unknown}
 o - a potion of enlightenment {unknown}


   Skills:
 + Level 5.1 Fighting
 - Level 3.0 Dodging
 + Level 5.1 Unarmed Combat


You had 4 spell levels left.
You didn't know any spells.
Your spell library was empty.

Dungeon Overview and Level Annotations

Branches:
Dungeon (4/15)
 Temple: D:4-7

Altars:


Innate Abilities, Weirdness & Mutations

You are immune to poison.
You have sharp fingernails.
Your flesh is cold resistant. (rC+)
You are immune to negative energy. (rN+++)
You do not regenerate when monsters are visible.
You are immune to unholy pain and torment.
You thrive by killing the living.


Message History

The orc wizard points at you and mumbles some strange words.
You are confused.
You scratch the orc wizard.
You kill the orc wizard!
You feel better.
Reactivating autopickup.
You bump into the stone wall.
You bump into the stone wall.
The orc closely misses you.
You barely miss the orc. The orc closely misses you.
You bump into the stone wall.
The orc hits you with a +0 flail.
You scratch the orc.
The orc is moderately wounded.
The orc barely misses you.
You scratch the orc but do no damage.
The orc is moderately wounded.
The orc hits you with a +0 flail.
* * * LOW HITPOINT WARNING * * *
You bump into the stone wall.
You feel less confused. The orc barely misses you. The orc closely misses you.
You scratch the orc.
The orc is lightly wounded.
The orc closely misses you. The orc completely misses you.
You scratch the orc.
The orc is heavily wounded.
The orc barely misses you.
You completely miss the orc.
The orc is heavily wounded.
The orc hits you with a +0 flail.
* * * LOW HITPOINT WARNING * * *
The orc hits you with a +0 flail.
* * * LOW HITPOINT WARNING * * *
It was a potion of haste.
You feel yourself speed up. The orc misses you.
The orc hits you with a +0 flail.
* * * LOW HITPOINT WARNING * * *
It was a potion of might.
You feel very mighty all of a sudden. The orc hits you with a +0 mace.
You die...

#..........# #..........#
####..........#
..............#
#...)......# ##........##
# ####..[....<..# ##.##
..............#######.$...
####.........[.o@oo.>.....
#..........†o###...[...
#..........#!.o).......
##.........#####.......
##......#.# .......
#.######... ....... #..#
...## #...... .... #.##
...... #.# ......


You could see an orc wizard and 3 orcs.

Vanquished Creatures
  A hound (D:4)
  Jessica (D:3)
  An orc wizard (D:4)
  3 adders
  4 dart slugs (D:1)
  5 orcs
  4 bats
  4 endoplasms (D:1)
  4 giant cockroaches (D:1)
  5 goblins
  3 hobgoblins
  3 jackals (D:1)
  8 kobolds
  A quokka (D:1)
  3 ball pythons
  4 frilled lizards
  6 rats
60 creatures vanquished.

Notes
Turn   | Place    | Note
-------+----------+-------------------------------------------
     0 | D:1      | grandjackal the Ghoul Monk began the quest for the Orb.
     0 | D:1      | Reached XP level 1. HP: 19/19 MP: 1/1
    75 | D:1      | Reached XP level 2. HP: 26/26 MP: 2/2
   275 | D:1      | Reached XP level 3. HP: 33/33 MP: 3/3
   828 | D:2      | Reached XP level 4. HP: 40/40 MP: 4/4
  1612 | D:3      | Noticed Jessica
  1617 | D:3      | Killed Jessica
  1994 | D:4      | Reached XP level 5. HP: 43/47 MP: 5/5
  2006 | D:4      | Reached skill level 5 in Fighting
  2006 | D:4      | Reached skill level 5 in Unarmed Combat
  2035 | D:4      | Slain by an orc

Illustrated notes

Levels and vault maps discovered:
D:1:      enne_arrival_octagon_isle, layout_loops_ring, minmay_misc_feat_hallway
D:2:      layout_loops_ring
D:3:      layout_loops_ring, uniq_jessica
D:4:      layout_rooms

Skill      XL: |  1  2  3  4  5 |
---------------+----------------+-----
Dodging        | 3 |  3.0
Fighting       | 4 5 |  5.1
Unarmed Combat | 4 5 |  5.1

Action                     |  1- 3 |  4- 6 || total
---------------------------+-------+-------++-------
  Melee: Unarmed           |    90 |    68 ||   158
    Use: Potion            |       |     2 ||     2
 Armour: Robe              |    35 |    34 ||    69
  Dodge: Dodged            |    51 |    40 ||    91

Table legend: (Time is in decaauts)
 A = Elapsed time spent in this place.
 B = Non-inter-level travel time spent in this place.
 C = Inter-level travel time spent in this place.
 D = Time resting spent in this place.
 E = Time spent auto-exploring this place.
 F = Levels seen in this place.
 G = Mean time per level.
                   A        B        C        D        E       F      G
               +--------+--------+--------+--------+--------+-----+--------+
         Total |   2022 |   1974 |     48 |      0 |   1621 |   4 |  505.5 |
       Dungeon |   2022 |   1974 |     48 |      0 |   1621 |   4 |  505.5 |
               +--------+--------+--------+--------+--------+-----+--------+

Top non-repeatable levels by time:
     D:1: 704 daAuts
     D:2: 695 daAuts
     D:3: 559 daAuts
     D:4: 64 daAuts
